← All builds
Suicide front / Armada / Factory first / OBSERVED BUILD

Standard suicide front

Armada Suicide front build order · Supreme Isthmus

The role's standard play: bot lab first, Rocketeer/Centurion/Pawn based force pushes into the middle to contest and hold it until T2 arrives.

Usually lab first (63%)

#rush #push · 1326 distinct matches · 131 players · 71% of Armada Suicide front games · team won 59% of 1571 · Recently observed

HOW TO PLAY IT

Key timing: Bot Lab by 0:20

  1. Open with mex and wind, drop Bot Lab immediately.
  2. Push out first "Centurion" as Pond's boost lands.
  3. Send "Rocketeer", "Centurion", "Pawn" mix to contest middle.
  4. Add Dragon's Teeth and Sentries to hold the line.
  5. Get Advanced Metal Extractor up as T2 nears.

Phase by phase

TYPICAL OF ITS 1326 GAMES
  1. 1
  2. 2
  3. 3
PLAY THE OPENING

Follow the example game's first 6:00 step by step: what to build now, what comes next, and where it goes. At 1× it keeps pace with your own game.

  1. 1

    Bot Lab first

    Order
    1. Bot LabBot Lab done ~0:20, middle half 0:20–0:33

    Some games also: mex (37%)

  2. 2

    Bot Lab to 5:00

    Economy
    • Metal Extractor5Mex
    • Wind Turbine4Wind
    Builders
    • Construction Bot3 Con bot
    • Lazarus2 Lazarus
    Army
    • Sentry4 Sentry
    • Rocketeer17 Rocketeer
    • Tick2 Tick
    • Centurion1 Centurion
    Other
    • Radar Tower1 Radar Tower

    Some games also: con turret (35%) · pawn (33%)

    By 5:00 in all: 5 mex · 4 wind

    The example game in this phase · 34 steps
    1. Mex
    2. TickTick
    3. Construction BotCon bot
    4. Wind
    5. LazarusLazarus
    6. PawnPawn
    7. Mex
    8. PawnPawn ×2
    9. Construction BotCon bot
    10. TickTick
    11. Construction BotCon bot
    12. Mex
    13. CenturionCenturion
    14. Mex
    15. RocketeerRocketeer
    16. SentrySentry
    17. Wind
    18. RocketeerRocketeer
    19. TickTick
    20. Wind
    21. RocketeerRocketeer ×3
    22. Wind
    23. TickTick ×2
    24. Construction BotCon bot
    25. Energy storage
    26. LazarusLazarus
    27. PawnPawn ×3
    28. RocketeerRocketeer
    29. Mex
    30. RocketeerRocketeer ×4
    31. Wind
    32. RocketeerRocketeer ×2
    33. Wind
    34. RocketeerRocketeer
  3. 3

    5:00 to 10:00

    Economy
    • Metal Extractor1Mex
    • Wind Turbine17Wind
    Builders
    • Construction Turret2 Con turret
    • Lazarus2 Lazarus
    • Construction Bot1 Con bot
    Army
    • Sentry1 Sentry
    • Rocketeer8 Rocketeer
    • Pawn1 Pawn

    Some games also: tick (48%) · Radar Tower (46%) · energy storage (46%) · centurion (45%) · Beamer (39%)

    By 10:00 in all: 6 mex · 23 wind · 1 energy storage · 3 con turret

    The example game in this phase · 40 steps
    1. Radar TowerRadar Tower
    2. Wind
    3. RocketeerRocketeer
    4. Wind
    5. RocketeerRocketeer ×3
    6. Mex
    7. RocketeerRocketeer
    8. TickTick
    9. RocketeerRocketeer
    10. Mex
    11. RocketeerRocketeer
    12. Advanced Metal ExtractorT2 mexdone 10:05 · typical 9:36
    13. Mex
    14. CenturionCenturion
    15. LazarusLazarus ×2
    16. CenturionCenturion
    17. LazarusLazarus
    18. RocketeerRocketeer
    19. TickTick
    20. RocketeerRocketeer
    21. CenturionCenturion
    22. TickTick
    23. CenturionCenturion
    24. TickTick
    25. CenturionCenturion
    26. TickTick
    27. Mex
    28. Advanced Metal ExtractorT2 mex ×2
    29. RattlesnakeRattlesnakedone 12:55
    30. Fortification WallFortification Wall ×6
    31. Con turret ×2
    32. BeamerBeamer
    33. Wind
    34. Fusion ReactorFusionnot finished by 15:00
    35. Wind
    36. Con turret ×2
    37. Wind ×3
    38. Con turret
    39. Bot LabBot Labnot finished by 15:00
    40. Wind

Counts are medians over the build's games: half of them build more, half fewer. The example game is Xad's (42 OS, 01/10/2026); pick another.

Team trades

IN AT LEAST 30% OF ITS GAMES

You hand over

Nothing regular.

You get

  • Tidal Generator4 Tidal from Pondfirst at 0:10 · in 69% of games
  • Advanced Construction Bot1 T2 con bot from Geo or Techfirst at 7:31 · in 59% of games

How it plays out

Typical game of this build, running totals by minute

Metal produced

010k20k30k
0:005:0010:0015:00

metal

Enemy metal destroyed

05k10k
0:005:0010:0015:00

metal

Own metal lost

05k10k
0:005:0010:0015:00

metal

1571 games.

Show as table
ByMetal produced: This buildEnemy metal destroyed: This buildOwn metal lost: This build
1:0022600
2:0088900
3:002049180106
4:003158659496
5:00424314191026
6:00543522981789
7:00667231662707
8:00793040293617
9:00931747894497
10:001070654215319
11:001226558996054
12:001410765156819
13:001623170197525
14:001811476998340
15:002044183169228
WHAT THE NUMBERS SAY

Standard suicide front play wins slightly more than half its games with fast kills but also fast losses, matching the raw grind of the role.

  • + First kill lands by 2:04 in all games
  • + Metal produced reaches 19882 by 15:00
  • − Own metal lost hits 9208 by 15:00, near metal destroyed of 8172
  • − First unit lost as early as 2:08 in every game
THE EXAMPLE YOU ARE READING

Xad

41.7 OS · 01/10/2026

Open source match ↗

5 received units · includes a constructor
336 metal received · 17904 energy received

Allied construction assistance is unknown. Timings are observations, not a promise of solo reproducibility.

Typical milestones

Bot Lab0:20Middle 50%: 0:20–0:33 · n=1564
Advanced Metal Extractor9:36Middle 50%: 8:42–10:48 · n=1162

Played most by

_X_254games of this buildPlatinumBlonde182games of this buildXad133games of this buildImmort77games of this buildwatermeloans60games of this build